Map: Dusk Towers

Players

LiquidSnute (Snute)

  • Race: Zerg Zerg
  • League: Grandmaster

Nerchio - Winner!

  • Race: Zerg Zerg
  • League: Grandmaster

Event: 2016 WCS Winter Challenger Europe

VOD

Have the link to the VOD?

Description

Time

  • Played on: Feb. 14, 2016, 1:18 p.m.
  • Length: 5:52

All games in this series

Show
View Real Time Build Order
Export as new Build Order

LiquidSnute Zerg 

Build Orders: Pool First 

Get SALT Encoding   

  12  0:00  Drone  
  13  0:12  Overlord  
  13  0:17  Drone  
  14  0:30  Drone x2  
  14  0:34  Drone  
  17  0:44  Spawning Pool  
  17  0:47  Drone  
  17  0:53  Extractor  
  17  0:56  Drone  
  17  1:06  Drone  
  18  1:16  Hatchery  
  17  1:19  Drone  
  18  1:31  Queen  
  20  1:33  Zergling x2  
  21  1:40  Overlord  
  21  1:49  Drone  
  22  1:54  Metabolic Boost  
  22  2:00  Drone  
  23  2:06  Queen  
  25  2:10  Drone  
  25  2:14  Baneling Nest  
  25  2:21  Drone  
  26  2:32  Zergling x4  
  28  2:38  Drone x2  
  28  2:39  Drone x2  
  32  2:53  Hatchery  
  31  3:00  Overlord  
  31  3:01  Drone  
  31  3:04  Drone  
  33  3:06  Drone  
  33  3:09  Drone  
  35  3:14  Zergling x2  
  35  3:19  Baneling x3  
  36  3:20  Zergling x6  
  36  3:26  Queen  
  41  3:32  Baneling  
  41  3:44  Baneling  
  36  3:53  Zergling x6  
  36  3:54  Zergling x6  
  40  3:57  Baneling  
  37  4:05  Zergling x2  
  37  4:06  Zergling x4  
  32  4:12  Baneling  
  32  4:15  Queen  
  32  4:16  Queen x2  
  26  4:18  Zergling x2  
  26  4:20  Zergling x2  
  28  4:27  Zergling x4  
  30  4:34  Zergling x2  
  28  4:47  Zergling x6  
  28  4:55  Zergling x4  
  28  4:58  Zergling x2  
  27  5:03  Zergling x2  
  25  5:07  Zergling x2  
  24  5:18  Zergling x2  
  21  5:29  Zergling x2  
Show
View Real Time Build Order
Export as new Build Order

Nerchio Zerg - Winner!

Build Orders: Hatch First, Zergling Baneling 

Get SALT Encoding   

  12  0:00  Drone  
  13  0:13  Overlord  
  13  0:17  Drone  
  14  0:31  Drone x2  
  14  0:35  Drone  
  17  0:51  Hatchery  
  17  0:55  Drone  
  17  0:58  Drone  
  17  1:02  Extractor  
  17  1:14  Spawning Pool  
  17  1:17  Drone  
  17  1:20  Drone  
  18  1:28  Drone  
  19  1:39  Overlord  
  19  1:51  Drone  
  20  2:01  Queen  
  20  2:03  Zergling x2, Queen  
  20  2:04  Metabolic Boost  
  26  2:08  Zergling x2  
  26  2:11  Drone  
  27  2:18  Drone  
  27  2:22  Drone  
  29  2:28  Baneling Nest  
  29  2:29  Drone  
  29  2:35  Zergling x2  
  29  2:36  Zergling x2  
  31  2:43  Zergling x2  
  32  2:47  Zergling x2  
  33  2:54  Overlord  
  33  2:58  Zergling x2  
  34  3:08  Zergling x4  
  36  3:14  Baneling x4  
  36  3:15  Zergling x12  
  36  3:18  Zergling x2  
  43  3:25  Zergling x2, Baneling x2  
  44  3:30  Overlord, Baneling  
  44  3:34  Overlord  
  44  3:37  Baneling  
  44  3:46  Zergling x2, Baneling  
  44  3:47  Zergling x2  
  41  3:49  Zergling x4  
  39  3:55  Zergling x2  
  39  3:56  Zergling x2, Baneling  
  39  3:59  Zergling x4  
  39  4:00  Zergling x2  
  43  4:05  Zergling x2  
  43  4:06  Zergling x2  
  43  4:14  Zergling x4  
  41  4:19  Baneling x2  
  41  4:20  Queen  
  41  4:23  Zergling x2  
  43  4:26  Zergling x2  
  44  4:34  Zergling x2  
  44  4:37  Zergling x2  
  46  4:39  Zergling x4  
  46  4:40  Zergling x2  
  46  4:44  Zergling x2  
  47  4:47  Zergling x4  
  47  4:48  Baneling  
  47  4:49  Baneling  
  47  4:51  Zergling x2  
  48  4:54  Zergling x2  
  48  4:58  Baneling x2  
  48  4:59  Zergling x2  
  47  5:02  Zergling x2  
  45  5:08  Zergling x4  
  45  5:09  Zergling x2  
  45  5:12  Zergling x2, Baneling  
  46  5:16  Zergling x2  
  46  5:19  Zergling x2  
  46  5:20  Zergling x2  
  49  5:25  Zergling x4  
  49  5:28  Zergling x2  
  49  5:32  Zergling x2  
Tags
 
Add a new tag
Caveats
  • Supply blocks, unpowered buildings, or Contaminate may cause inaccurate times.
  • Supply counts are checked every 10 seconds.